AoeStats
← AlibekYes

Arena

508621368Analyzed
2v2 RM · 9d ago on Sep 23, 2026· 23m 39s· 4 players
Game mode
Random Map
Map size
Medium (4 player)
Population
200
Speed
Normal
Resources
Standard
Victory
Conquest
Starting age
Dark Age
Ending age
Imperial Age
RankedLock teamsTeams togetherTeam positionsShared explorationLock speedFull tech treeHidden civsTurbo modeCheats
Victory
Defeat
🇰🇿 Romans · Kazakhstan
1214
+16
🇰🇿 Celts · Kazakhstan
1210
+16
1212
-16
1201
-16
TKT狐说训练营-鳄鱼
5:21 Loom
8:46 Feudal Age
9:18 Double-Bit Axe
15:16 Fletching
19:47 Wheelbarrow
24:08 Castle Age
22:24 Town Watch
22:27 Horse Collar
23:26 Gold Mining
TKT狐说训练营—cxy123
10:33 Feudal Age
14:35 Castle Age
13:17 Padded Archer Armor
15:39 Leather Archer Armor
AlibekYes
9:37 Feudal Age
10:09 Man-at-Arms
13:00 Scale Mail Armor
20:25 Forging
Element
10:06 Feudal Age
13:39 Castle Age
11:55 Double-Bit Axe
13:33 Loom
Connection lost

Rejoining the realm…

Still unreachable

The connection could not be restored.

Session expired

The server has moved on; the page needs a fresh start.